| TOP OF THE 1ST |
|
Bluff City Beasties batting - Pitching for Hartford Whalers : RHP Chris Holt
|
|
Pitching: RHP Chris Holt
|
|
|
Batting: SHB Brian McRae
|
0-0: Ground out 6-3 (Groundball, 6, EV 103.1 MPH)
|
|
Batting: LHB Jeff Treadway
|
0-0: Ball 1-0: Foul Ball, location: 2F 1-1: Ball 2-1: Ball 3-1: Called Strike 3-2: Reached on error, E6 (Groundball, 6S, EV 82.5 MPH)
|
|
Batting: SHB Felix Jose
|
0-0: Ball 1-0: Fly out, F6 (Popup, 15S, EV 86.9 MPH)
|
|
Batting: LHB Paul Sorrento
|
0-0: Ball 1-0: Ball 2-0: Reached on error, E9 (Line Drive, 9D, EV 103.8 MPH) Jeff Treadway scores
|
|
Batting: RHB Jeff Manto
|
0-0: Ball 1-0: Foul Ball, location: 2F 1-1: Foul Ball, location: 2F 1-2: Strikes out swinging
|
| Top of the 1st over - 1 run, 0 hits, 2 errors, 1 left on base; Bluff City 1 - Hartford 0 |
| BOTTOM OF THE 1ST |
|
Hartford Whalers batting - Pitching for Bluff City Beasties : RHP Mike K Johnson
|
|
Pitching: RHP Mike K Johnson
|
|
|
Batting: LHB Rod Myers
|
0-0: Called Strike 0-1: Swinging Strike 0-2: Ball 1-2: Ball 2-2: Ball 3-2: Foul Ball, location: 2F 3-2: DOUBLE (Line Drive, 7LM, EV 113.1 MPH)
|
|
Batting: RHB Alex Ochoa
|
0-0: Ball 1-0: Called Strike 1-1: SINGLE (Groundball, 4MD, EV 103.1 MPH) Rod Myers to third Runner from 3rd tries for Home, SAFE, no throw by CF
|
|
Batting: RHB Kurt Abbott
|
0-0: Called Strike 0-1: Ball 1-1: Ball 2-1: Fly out, F7 (Flyball, 78S, EV 85.6 MPH)
|
|
Batting: LHB Mo Vaughn
|
0-0: Ball 1-0: Ball 2-0: 2-RUN HOME RUN (Line Drive, 7D, EV 100.0 MPH), Distance : 378 ft
|
|
Batting: LHB Mark Kotsay
|
0-0: Ball 1-0: Called Strike 1-1: Fly out, F7 (Line Drive, 7, EV 86.9 MPH)
|
|
Batting: RHB Ricky Gutierrez
|
0-0: Ground out 1-3 (Groundball, 34S, EV 72.5 MPH)
|
| Bottom of the 1st over - 3 runs, 3 hits, 0 errors, 0 left on base; Bluff City 1 - Hartford 3 |
| TOP OF THE 2ND |
|
Bluff City Beasties batting - Pitching for Hartford Whalers : RHP Chris Holt
|
|
Batting: LHB Dan Pasqua
|
0-0: Ball 1-0: Swinging Strike 1-1: SINGLE (Groundball, 6MD, EV 95.6 MPH)
|
|
Batting: RHB Walt McKeel
|
0-0: Ball 1-0: SINGLE (Groundball, 6MD, EV 102.5 MPH) Dan Pasqua to second
|
|
Batting: RHB Tom Evans
|
0-0: Ball 1-0: Grounds out, U3 (Groundball, 3L, EV 105.6 MPH) Dan Pasqua to third
|
|
Batting: RHB Pat Watkins
|
0-0: Ball 1-0: Ball 2-0: Ball 3-0: Called Strike 3-1: Swinging Strike 3-2: Base on Balls
|
|
Batting: SHB Brian McRae
|
0-0: Ball 1-0: Ball 2-0: Fielders Choice at 2nd, 5-4 (Groundball, 56, EV 101.9 MPH) Dan Pasqua scores Walt McKeel to third
|
|
Batting: LHB Jeff Treadway
|
0-0: Ball 1-0: Ball 2-0: Called Strike 2-1: Foul Ball, location: 2F 2-2: Fly out, F7 (Flyball, 7S, EV 91.9 MPH)
|
| Top of the 2nd over - 1 run, 2 hits, 0 errors, 2 left on base; Bluff City 2 - Hartford 3 |
| BOTTOM OF THE 2ND |
|
Hartford Whalers batting - Pitching for Bluff City Beasties : RHP Mike K Johnson
|
|
Batting: LHB Dave Hansen
|
0-0: Foul Ball, location: 2F 0-1: Ball 1-1: Ball 2-1: Fly out, F9 (Flyball, 9, EV 72.5 MPH)
|
|
Batting: RHB Kevin Jordan
|
0-0: Called Strike 0-1: Foul Ball, location: 2F 0-2: Ball 1-2: Ground out 6-3 (Groundball, 6, EV 90.6 MPH)
|
|
Batting: RHB Robert Machado
|
0-0: Ball 1-0: Called Strike 1-1: Ball 2-1: Ball 3-1: Foul Ball, location: 2F 3-2: Foul Ball, location: 2F 3-2: Base on Balls
|
|
Batting: LHB Rod Myers
|
0-0: Ball 1-0: Foul Ball, location: 2F 1-1: Swinging Strike 1-2: Strikes out looking
|
| Bottom of the 2nd over - 0 runs, 0 hits, 0 errors, 1 left on base; Bluff City 2 - Hartford 3 |
| TOP OF THE 3RD |
|
Bluff City Beasties batting - Pitching for Hartford Whalers : RHP Chris Holt
|
|
Batting: SHB Felix Jose
|
0-0: Swinging Strike 0-1: Foul Ball, location: 2F 0-2: Ball 1-2: Foul Ball, location: 2F 1-2: Foul Ball, location: 2F 1-2: Ball 2-2: Strikes out swinging
|
|
Batting: LHB Paul Sorrento
|
0-0: Ball 1-0: SINGLE (Line Drive, 7LS, EV 96.9 MPH)
|
|
Batting: RHB Jeff Manto
|
0-0: Foul Ball, location: 2F 0-1: Foul Ball, location: 2F 0-2: Strikes out swinging
|
|
Batting: LHB Dan Pasqua
|
0-0: Called Strike 0-1: Ball 1-1: Ball 2-1: Foul Ball, location: 2F 2-2: Strikes out looking
|
| Top of the 3rd over - 0 runs, 1 hit, 0 errors, 1 left on base; Bluff City 2 - Hartford 3 |
| BOTTOM OF THE 3RD |
|
Hartford Whalers batting - Pitching for Bluff City Beasties : RHP Mike K Johnson
|
|
Batting: RHB Alex Ochoa
|
0-0: Swinging Strike 0-1: DOUBLE (Groundball, 5L, EV 94.4 MPH)
|
|
Batting: RHB Kurt Abbott
|
0-0: Ball 1-0: Ball 2-0: Swinging Strike 2-1: Fly out, F8 (Flyball, 8LM, EV 82.5 MPH)
|
|
Batting: LHB Mo Vaughn
|
0-0: Ball 1-0: Ball 2-0: Called Strike 2-1: Ball 3-1: Base on Balls
|
|
Batting: LHB Mark Kotsay
|
0-0: Ball 1-0: Foul Ball, location: 2F 1-1: Foul Ball, location: 2F 1-2: SINGLE (Groundball, 4D, EV 106.9 MPH) Alex Ochoa to third Mo Vaughn to second
|
|
Batting: RHB Ricky Gutierrez
|
0-0: Called Strike 0-1: Foul Ball, location: 2F 0-2: Ball 1-2: Fielders Choice at 2nd, 4-6 (Groundball, 4D, EV 102.5 MPH) Alex Ochoa scores Mo Vaughn to third
|
|
Batting: LHB Dave Hansen
|
0-0: Ball 1-0: Ball 2-0: Swinging Strike 2-1: Ball 3-1: Foul Ball, location: 2F 3-2: SINGLE (Groundball, 34D, EV 98.8 MPH) Mo Vaughn scores Ricky Gutierrez to second Ricky Gutierrez to third
|
|
Batting: RHB Kevin Jordan
|
0-0: Ball 1-0: SINGLE (Groundball, 4D, EV 98.1 MPH) Ricky Gutierrez scores Dave Hansen to second Runner from 2nd tries for 3rd, OUT! 9-5
|
| Bottom of the 3rd over - 3 runs, 4 hits, 0 errors, 1 left on base; Bluff City 2 - Hartford 6 |
| TOP OF THE 4TH |
|
Bluff City Beasties batting - Pitching for Hartford Whalers : RHP Chris Holt
|
|
Batting: RHB Walt McKeel
|
0-0: Foul Ball, location: 2F 0-1: Fly out, F9 (Flyball, 9, EV 74.4 MPH)
|
|
Batting: RHB Tom Evans
|
0-0: Swinging Strike 0-1: Ball 1-1: Ground out 6-3 (Groundball, 6, EV 84.4 MPH)
|
|
Batting: RHB Pat Watkins
|
0-0: Ball 1-0: Called Strike 1-1: Ball 2-1: Ball 3-1: SINGLE (Groundball, 56, EV 96.9 MPH)
|
|
Batting: SHB Brian McRae
|
0-0: Ball 1-0: Foul Ball, location: 2F 1-1: Foul Ball, location: 2F 1-2: Ball 2-2: Fly out, F6 (Popup, 56, EV 68.1 MPH)
|
| Top of the 4th over - 0 runs, 1 hit, 0 errors, 1 left on base; Bluff City 2 - Hartford 6 |
| BOTTOM OF THE 4TH |
|
Hartford Whalers batting - Pitching for Bluff City Beasties : RHP Mike K Johnson
|
|
Pitching: LHP Dan Serafini
|
|
|
Batting: RHB Robert Machado
|
0-0: Foul Ball, location: 2F 0-1: Foul Ball, location: 2F 0-2: Foul Ball, location: 2F 0-2: Strikes out swinging
|
|
Batting: LHB Rod Myers
|
0-0: Ball 1-0: Swinging Strike 1-1: Called Strike 1-2: Ball 2-2: Fly out, F7 (Flyball, 7S, EV 89.4 MPH)
|
|
Batting: RHB Alex Ochoa
|
0-0: Called Strike 0-1: SOLO HOME RUN (Flyball, 78XD, EV 108.8 MPH), Distance : 424 ft
|
|
Batting: RHB Kurt Abbott
|
0-0: Ball 1-0: Called Strike 1-1: Ball 2-1: Swinging Strike 2-2: Fly out, F7 (Flyball, 7D, EV 86.9 MPH)
|
| Bottom of the 4th over - 1 run, 1 hit, 0 errors, 0 left on base; Bluff City 2 - Hartford 7 |
| TOP OF THE 5TH |
|
Bluff City Beasties batting - Pitching for Hartford Whalers : RHP Chris Holt
|
|
Batting: LHB Jeff Treadway
|
0-0: Fly out, F7 (Flyball, 7, EV 94.4 MPH)
|
|
Batting: SHB Felix Jose
|
0-0: Fly out, F3 (Line Drive, 3, EV 68.8 MPH)
|
|
Batting: LHB Paul Sorrento
|
0-0: Ball 1-0: Fly out, F8 (Flyball, 8LXD, EV 99.4 MPH)
|
| Top of the 5th over - 0 runs, 0 hits, 0 errors, 0 left on base; Bluff City 2 - Hartford 7 |
| BOTTOM OF THE 5TH |
|
Hartford Whalers batting - Pitching for Bluff City Beasties : LHP Dan Serafini
|
|
Batting: LHB Mo Vaughn
|
0-0: Ball 1-0: Called Strike 1-1: Ball 2-1: Foul Ball, location: 2F 2-2: Strikes out looking
|
|
Batting: LHB Mark Kotsay
|
0-0: Ball 1-0: Swinging Strike 1-1: Foul Ball, location: 2F 1-2: Ground out 4-3 (Groundball, 4D, EV 96.9 MPH)
|
|
Batting: RHB Ricky Gutierrez
|
0-0: Ball 1-0: Foul Ball, location: 2F 1-1: Ball 2-1: Swinging Strike 2-2: Ball 3-2: SINGLE (Line Drive, 7S, EV 91.3 MPH)
|
|
Batting: LHB Dave Hansen
|
0-0: Ball 1-0: Ball 2-0: Ball 3-0: Called Strike 3-1: SINGLE (Groundball, 6MD, EV 101.3 MPH) Ricky Gutierrez to second Runner from 2nd tries for 3rd, SAFE, throw by CF made to third
|
|
Batting: RHB Kevin Jordan
|
0-0: SINGLE (Line Drive, 8RS, EV 98.8 MPH) Ricky Gutierrez scores Dave Hansen to second
|
|
Batting: RHB Robert Machado
|
0-0: Ball 1-0: Ground out 5-3 (Groundball, 5S, EV 87.5 MPH)
|
| Bottom of the 5th over - 1 run, 3 hits, 0 errors, 2 left on base; Bluff City 2 - Hartford 8 |
| TOP OF THE 6TH |
|
Bluff City Beasties batting - Pitching for Hartford Whalers : RHP Chris Holt
|
|
Batting: RHB Jeff Manto
|
0-0: Foul Ball, location: 2F 0-1: Swinging Strike 0-2: Strikes out looking
|
|
Batting: LHB Dan Pasqua
|
0-0: Ball 1-0: Called Strike 1-1: Ball 2-1: Fly out, F4 (Flyball, 34D, EV 89.4 MPH)
|
|
Batting: RHB Walt McKeel
|
0-0: SINGLE (Line Drive, 6D, EV 98.8 MPH)
|
|
Batting: RHB Tom Evans
|
0-0: Ball 1-0: Ball 2-0: Called Strike 2-1: Fielders Choice at 2nd, 5-4 (Groundball, 56, EV 81.9 MPH)
|
| Top of the 6th over - 0 runs, 1 hit, 0 errors, 1 left on base; Bluff City 2 - Hartford 8 |
| BOTTOM OF THE 6TH |
|
Hartford Whalers batting - Pitching for Bluff City Beasties : LHP Dan Serafini
|
|
Batting: LHB Rod Myers
|
0-0: Called Strike 0-1: SINGLE (Flyball, 7LS, EV 92.5 MPH)
|
|
Batting: RHB Alex Ochoa
|
0-0: Fly out, F9 (Flyball, 9LD, EV 106.3 MPH)
|
|
Batting: RHB Kurt Abbott
|
0-0: Swinging Strike 0-1: Called Strike 0-2: Ball 1-2: Foul Ball, location: 2F 1-2: Foul Ball, location: 2F 1-2: Foul Ball, location: 2F 1-2: Ball 2-2: Ball 3-2: Strikes out looking
|
|
Batting: LHB Mo Vaughn
|
0-0: Foul Ball, location: 2F 0-1: Called Strike 0-2: Ball 1-2: Ball 2-2: Strikes out swinging
|
| Bottom of the 6th over - 0 runs, 1 hit, 0 errors, 1 left on base; Bluff City 2 - Hartford 8 |
| TOP OF THE 7TH |
|
Bluff City Beasties batting - Pitching for Hartford Whalers : RHP Chris Holt
|
|
Batting: RHB Pat Watkins
|
0-0: Swinging Strike 0-1: Foul Ball, location: 2F 0-2: Ball 1-2: Foul Ball, location: 2F 1-2: Foul Ball, location: 2F 1-2: Ground out U3 (Groundball, 3L, EV 82.5 MPH)
|
|
Batting: SHB Brian McRae
|
0-0: Ball 1-0: Ball 2-0: Ball 3-0: Called Strike 3-1: Base on Balls
|
|
Batting: LHB Jeff Treadway
|
0-0: Called Strike 0-1: Ball 1-1: Ball 2-1: Called Strike 2-2: Foul Ball, location: 2F 2-2: Fly out, F8 (Flyball, 78XD, EV 86.9 MPH) Runner from 1st tags up, SAFE at 2nd
|
|
Batting: SHB Felix Jose
|
0-0: Foul Ball, location: 2F 0-1: Ball 1-1: Ball 2-1: SINGLE (Groundball, 34S, EV 61.9 MPH) (infield hit) Brian McRae to third
|
|
Batting: LHB Paul Sorrento
|
0-0: SINGLE (Groundball, 4MD, EV 105.0 MPH) Brian McRae scores Felix Jose to second Runner from 2nd tries for 3rd, SAFE, throw by CF made to third
|
|
Batting: RHB Jeff Manto
|
0-0: Ball 1-0: Reached on error, E1 (Groundball, 15S, EV 63.1 MPH) Felix Jose scores Paul Sorrento to third
|
|
Batting: LHB Dan Pasqua
|
0-0: Ball 1-0: Ground out U3 (Groundball, 34, EV 103.8 MPH)
|
| Top of the 7th over - 2 runs, 2 hits, 1 error, 2 left on base; Bluff City 4 - Hartford 8 |
| BOTTOM OF THE 7TH |
|
Hartford Whalers batting - Pitching for Bluff City Beasties : LHP Dan Serafini
|
|
Batting: LHB Mark Kotsay
|
0-0: Ball 1-0: Fly out, F9 (Line Drive, 9, EV 96.9 MPH)
|
|
Batting: RHB Ricky Gutierrez
|
0-0: Ball 1-0: Swinging Strike 1-1: SOLO HOME RUN (Flyball, 7D, EV 104.4 MPH), Distance : 369 ft
|
|
Batting: LHB Dave Hansen
|
0-0: Ground out 4-3 (Groundball, 4, EV 86.9 MPH)
|
|
Batting: RHB Kevin Jordan
|
0-0: Called Strike 0-1: Swinging Strike 0-2: Foul Ball, location: 2F 0-2: Ball 1-2: Foul Ball, location: 2F 1-2: Foul Ball, location: 2F 1-2: Foul Ball, location: 2F 1-2: Ground out 1-3 (Groundball, 34S, EV 87.5 MPH)
|
| Bottom of the 7th over - 1 run, 1 hit, 0 errors, 0 left on base; Bluff City 4 - Hartford 9 |
| TOP OF THE 8TH |
|
Bluff City Beasties batting - Pitching for Hartford Whalers : RHP Chris Holt
|
|
Batting: RHB Walt McKeel
|
0-0: Ball 1-0: Ball 2-0: SINGLE (Groundball, 6MD, EV 96.3 MPH)
|
|
Batting: RHB Tom Evans
|
0-0: Ball 1-0: Called Strike 1-1: SINGLE (Line Drive, 56, EV 95.0 MPH) Walt McKeel to second
|
|
Batting: RHB Pat Watkins
|
0-0: Fly out, F9 (Flyball, 89M, EV 83.8 MPH)
|
|
Batting: SHB Brian McRae
|
0-0: Called Strike 0-1: Swinging Strike 0-2: Fly out, F7 (Flyball, 7S, EV 81.3 MPH)
|
|
Batting: LHB Jeff Treadway
|
0-0: Ball 1-0: Ground out 3-1 (Groundball, 34, EV 78.8 MPH)
|
| Top of the 8th over - 0 runs, 2 hits, 0 errors, 2 left on base; Bluff City 4 - Hartford 9 |
| BOTTOM OF THE 8TH |
|
Hartford Whalers batting - Pitching for Bluff City Beasties : LHP Dan Serafini
|
|
Pitching: RHP Mark Small
|
|
|
Batting: RHB Robert Machado
|
0-0: Ball 1-0: SINGLE (Flyball, 9S, EV 88.8 MPH)
|
|
Batting: LHB Rod Myers
|
0-0: Fly out, F6 (Line Drive, 6, EV 69.4 MPH)
|
|
Batting: RHB Alex Ochoa
|
0-0: Ball 1-0: Foul Ball, location: 2F 1-1: Fly out, F8 (Flyball, 8LS, EV 82.5 MPH)
|
|
Batting: RHB Kurt Abbott
|
0-0: Ball 1-0: Foul Ball, location: 2F 1-1: Swinging Strike 1-2: Ball 2-2: Foul Ball, location: 2F 2-2: Fly out, F7 (Flyball, 78M, EV 86.9 MPH)
|
| Bottom of the 8th over - 0 runs, 1 hit, 0 errors, 1 left on base; Bluff City 4 - Hartford 9 |
| TOP OF THE 9TH |
|
Bluff City Beasties batting - Pitching for Hartford Whalers : RHP Chris Holt
|
|
Batting: SHB Felix Jose
|
0-0: Foul Ball, location: 2F 0-1: Called Strike 0-2: Ball 1-2: Strikes out swinging
|
|
Batting: LHB Paul Sorrento
|
0-0: Ball 1-0: Fly out, F8 (Line Drive, 8RM, EV 106.3 MPH)
|
|
Batting: RHB Jeff Manto
|
0-0: Ball 1-0: SINGLE (Flyball, 8RS, EV 92.5 MPH)
|
|
Pitching: RHP Oscar Henriquez
|
|
|
Batting: LHB Dan Pasqua
|
0-0: Ball 1-0: SINGLE (Groundball, 4D, EV 108.8 MPH) Jeff Manto to second
|
|
Batting: RHB Walt McKeel
|
0-0: Foul Ball, location: 2F 0-1: Ball 1-1: Ball 2-1: Called Strike 2-2: Foul Ball, location: 2F 2-2: SINGLE (Groundball, 6MD, EV 95.0 MPH) Jeff Manto to third Dan Pasqua to second
|
|
Pitching: RHP Mark Petkovsek
|
|
|
Batting: RHB Tom Evans
|
0-0: Ball 1-0: Foul Ball, location: 2F 1-1: SINGLE (Line Drive, 89M, EV 95.6 MPH) Jeff Manto scores Dan Pasqua to third Walt McKeel to second
|
|
Batting: RHB Pat Watkins
|
0-0: Ball 1-0: Foul Ball, location: 2F 1-1: Fly out, F8 (Line Drive, 8RD, EV 88.8 MPH)
|
| Top of the 9th over - 1 run, 4 hits, 0 errors, 3 left on base; Bluff City 5 - Hartford 9 |
|